 Dungeon Crawl Stone Soup version 0.21.1-1-g345015fe64 (webtiles) character file.

233 HooM the Firebug (level 5, 0/40 HPs)
             Began as a Draconian Fire Elementalist on Mar 10, 2018.
             Was a Believer of Vehumet.
             Slain by Edmund
             ... wielding a +1 dire flail of crushing
              (11 damage)
             ... on level 4 of the Dungeon.
             The game lasted 00:38:44 (1874 turns).

HooM the Firebug (Draconian Fire Elementalist)      Turns: 1874, Time: 00:38:45

Health: 0/40       AC:  5    Str: 10    XL:     5   Next: 74%
Magic:  1/9        EV: 12    Int: 17    God:    Vehumet [**....]
Gold:   101        SH:  5    Dex: 13    Spells: 1/10 levels left

rFire    . . .     SeeInvis .   m - +0 scimitar
rCold    . . .     Gourm    .   k - +0 buckler
rNeg     . . .     Faith    .   (armour unavailable)
rPois    .         Spirit   .   (helmet restricted)
rElec    .         Reflect  +   (no cloak)
rCorr    .         Harm     .   (no gloves)
MR       .....                  (no boots)
Stlth    ++........             j - +2 amulet of reflection
HPRegen  0.13/turn              c - +2 ring of dexterity
MPRegen  0.11/turn              (no ring)

@: no status effects
A: unfitting armour, cold-blooded, AC +5
a: Renounce Religion


You were on level 4 of the Dungeon.
You worshipped Vehumet.
Vehumet was pleased with you.
You were not hungry.

You visited 1 branch of the dungeon, and saw 3 of its levels.

You collected 101 gold pieces.

Inventory:

Hand Weapons
 m - a +0 scimitar (weapon)
Armour
 k - a +0 buckler (worn)
Jewellery
 c - a +2 ring of dexterity (left hand)
 j - a +2 amulet of reflection (around neck)
Wands
 i - a wand of iceblast (11)
Scrolls
 g - 4 scrolls of amnesia
Potions
 d - a potion of flight {unknown}
 e - 3 potions of mutation {unknown}
 f - 3 potions of degeneration {unknown}
 h - a potion of haste {unknown}
Books
 a - a book of Flames

   Spells                             Type                      Level
   a - Flame Tongue                   Conjuration/Fire             1
   b - Throw Flame                    Conjuration/Fire             2
   c - Conjure Flame                  Conjuration/Fire             3
   d - Inner Flame                    Hexes/Fire                   3
   e - Sticky Flame                   Conjuration/Fire             4
   f - Fireball                       Conjuration/Fire             5
Comestibles
 b - 4 rations


   Skills:
 + Level 1.4 Fighting
   Level 1.3 Short Blades
 + Level 2.7 Dodging
 + Level 2.1 Stealth
 + Level 3.0 Spellcasting
 + Level 2.7 Conjurations
 + Level 3.9 Fire Magic


You had one spell level left.
You knew the following spells:

 Your Spells              Type           Power        Failure   Level  Hunger
a - Flame Tongue          Conj/Fire      ##...        8%          1    None
b - Throw Flame           Conj/Fire      ##....       11%         2    ##.....
c - Conjure Flame         Conj/Fire      ##......     22%         3    ###....
d - Inner Flame           Hex/Fire       #.......     36%         3    ###....


Dungeon Overview and Level Annotations

Branches:
Dungeon (4/15)
 Temple: D:4-7

Altars:
Qazlal
Vehumet
Zin

Annotations:
D:4 Edmund


Innate Abilities, Weirdness & Mutations

Your plain brown scales are hard. (AC +5)
You cannot fit into any form of body armour.
You are cold-blooded and may be slowed by cold attacks.


Message History

Deactivating autopickup; reactivate with Ctrl-A.
Casting: Throw Flame
Confirm with . or Enter, or press ? or * to list all spells.
Aiming: Throw Flame
Press: ? - help, Shift-Dir - straight line, f - orc
Aim: an orc, wielding a mace and wearing a leather armour The puff of flame hits the orc.
The orc is heavily wounded.
Your magical contamination has completely faded away.
The teleport trap disappears.
The orc disappears!
A puff of flame appears from out of thin air!
The puff of flame hits you!
* * * LOW HITPOINT WARNING * * *
You open the door.
Edmund the Younger comes into view.
He is wielding a dire flail of crushing.
Edmund shouts!
Found a rapier.
There is an open door here.
Edmund hits you with a dire flail of crushing!
You die...

..#####....#####...#
###..###'#.....#.(.#
#........#.....#.{.#
'........#.....#...#
#........#.....#...#
#........+.....#...#
#........#.....#.o.# .
#######.##.....##'##....
.....######+#...@.......#
.....# #....@......#
.....# #...........#
.....# #....)......#
.....# #...........#
.....# #...........#
.....# ##+#####....#
.....# ...? .....#


You could see Edmund and an orc.

Vanquished Creatures
  A hungry ghost (D:4)
  A howler monkey (D:4)
  2 oozes
  An adder zombie (D:2)
  An adder skeleton (D:4)
  2 worms (D:2)
  3 leopard geckos
  An orc (D:4)
  6 bats
  A giant cockroach (D:1)
  4 goblins
  5 hobgoblins
  6 kobolds (D:1)
  4 frilled lizards
  A jackal skeleton (D:4)
  10 rats
49 creatures vanquished.

Notes
Turn   | Place    | Note
-------+----------+-------------------------------------------
     0 | D:1      | HooM the Draconian Fire Elementalist began the quest for the Orb.
     0 | D:1      | Reached XP level 1. HP: 14/14 MP: 3/3
   146 | D:1      | Reached XP level 2. HP: 9/20 MP: 0/5
   473 | D:1      | Learned a level 2 spell: Throw Flame
   801 | D:2      | Reached XP level 3. HP: 26/26 MP: 3/6
   806 | D:2      | Learned a level 3 spell: Conjure Flame
   848 | D:2      | Found a faded altar of an unknown god.
   853 | D:2      | Became a worshipper of Vehumet
   853 | D:2      | Reached * piety under Vehumet
   853 | D:2      | Offered knowledge of Freeze by Vehumet.
  1216 | D:2      | Found a stormy altar of Qazlal.
  1218 | D:2      | Found a glowing silver altar of Zin.
  1608 | D:2      | You fall through a shaft for 2 floors!
  1650 | D:4      | Noticed a hungry ghost
  1722 | D:4      | Reached XP level 4. HP: 15/34 MP: 1/7
  1738 | D:4      | Killed a hungry ghost
  1738 | D:4      | Reached skill level 1 in Fighting
  1738 | D:4      | Reached skill level 1 in Short Blades
  1738 | D:4      | Reached XP level 5. HP: 7/40 MP: 1/9
  1763 | D:4      | Learned a level 3 spell: Inner Flame
  1846 | D:4      | Reached ** piety under Vehumet
  1872 | D:4      | Noticed Edmund
  1874 | D:4      | Slain by Edmund

Skill      XL: |  1  2  3  4 |
---------------+-------------+-----
Dodging        | 2 |  2.7
Stealth        | 2 |  2.1
Conjurations   | 2 |  2.7
Fighting       | 1 |  1.4
Short Blades   | 1 |  1.3
Spellcasting   | 3 |  3.0
Fire Magic     | |  3.9

Action                   |  1- 3 |  4- 6 || total
-------------------------+-------+-------++-------
Melee: Unarmed           |    17 |       ||    17
       Dagger            |    41 |    13 ||    54
       Tailslap          |     5 |       ||     5
       Scimitar          |       |     4 ||     4
 Cast: Flame Tongue      |    90 |     3 ||    93
       Throw Flame       |       |     5 ||     5
  Use: Scroll            |     4 |       ||     4
       Potion            |     1 |       ||     1
  Eat: Chunk             |     3 |       ||     3
       Ration            |     1 |     1 ||     2
Armor: Skin              |    53 |     7 ||    60
Dodge: Dodged            |   105 |    12 ||   117
Block: Other             |     4 |       ||     4
       Buckler           |       |     2 ||     2
       Reflection        |       |     1 ||     1
       Rpst.: Scimitar   |       |     2 ||     2
